 Dungeon Crawl Stone Soup version 0.30-a0-341-g682706514a (webtiles) character file.

Game seed: 10800890935953875940

39 Perikles the Conjurer (level 3, -3/26 HPs)
             Began as a Draconian Conjurer on Nov 5, 2022.
             Slain by Sigmund
             ... wielding a +0 scythe
              (8 damage)
             ... on level 2 of the Dungeon.
             The game lasted 00:28:11 (1841 turns).

Perikles the Conjurer (Draconian Conjurer)          Turns: 1841, Time: 00:28:12

Health: -3/26      AC:  9    Str:  9    XL:     3   Next: 28%
Magic:  3/6        EV: 12    Int: 20    God:
Gold:   55         SH:  0    Dex:  9    Spells: 3/6 levels left

rFire   + . .      SeeInvis .    m - +0 falchion
rCold   . . .      Faith    .    (no shield)
rNeg    . . .      Spirit   .    (body armour unavailable)
rPois   .          Reflect  .    (helmet restricted)
rElec   .          Harm     .    (no cloak)
rCorr   .          Rampage  .    (no gloves)
Will    .....                    (no boots)
Stlth   ++........               (no amulet)
HPRegen 0.24/turn                i - +4 ring of protection
MPRegen 0.10/turn                p - ring of protection from fire

@: no status effects
A: AC +5, unfitting armour, cold-blooded
a: no special abilities


You were on level 2 of the Dungeon.
You visited 1 branch of the dungeon, and saw 2 of its levels.

You collected 97 gold pieces.
You spent 42 gold pieces at shops.

Inventory:

Hand Weapons
 c - a +0 dagger
 h - a +0 dagger
 m - a +0 falchion (weapon)
Missiles
 g - 25 stones
 l - 3 poisoned darts
Jewellery
 i - a +4 ring of protection (left hand)
 p - a ring of protection from fire (right hand)
Scrolls
 b - 3 scrolls of identify {unknown}
 o - a scroll of vulnerability {unknown}
Potions
 d - a potion of heal wounds {unknown}
 e - 2 potions of brilliance {unknown}
 f - a potion of flight {unknown}
 j - a potion of curing
 k - a potion of experience {unknown}
 n - a potion of attraction {unknown}


   Skills:
 + Level 0.6 Short Blades
 + Level 1.8 Dodging
 + Level 2.1 Stealth
 * Level 2.2 Spellcasting
 * Level 4.7 Conjurations


You had 3 spell levels left.
You knew the following spells:

 Your Spells              Type           Power      Damage    Failure   Level
a - Magic Dart            Conj           84%        1d7       2%          1
b - Searing Ray           Conj           42%        2d6       3%          2

Your spell library contained the following spells:

 Spells                   Type           Power      Damage    Failure   Level
 Dazzling Flash           Conj/Hex       22%        N/A       17%         3
 Fulminant Prism          Conj/Hex       5%         3d6       50%         4
 Iskenderun's Mystic Bla  Conj/Tloc      11%        2d4       50%         4


Dungeon Overview and Level Annotations

Branches:
Dungeon (2/15)

Altars:

Shops:
D:1 *

Annotations:
D:2 Sigmund


Innate Abilities, Weirdness & Mutations

Your plain brown scales are hard. (AC +5)
You cannot fit into any form of body armour.
You are cold-blooded and may be slowed by cold attacks.


Message History

You can't see any susceptible monsters within range! (Use Z to cast anyway.)
Something hits you but does no damage.
Casting: Magic Dart (safe; 2% risk of failure)
Confirm with . or Enter, or press ? or * to list all spells.
Okay, then.
Casting: Magic Dart (safe; 2% risk of failure)
Confirm with . or Enter, or press ? or * to list all spells.
Aiming: Searing Ray (safe; 3% risk of failure)
Press: ? - help, Shift-Dir - straight line The searing ray hits something. (Press . to maintain the ray.)
Something hits you but does no damage.
The searing ray hits something!
The searing ray hits something!
Something hits you.
You finish channelling your searing ray.
Something barely misses you.
You barely miss something. Something hits you but does no damage.
Casting: Searing Ray (safe; 3% risk of failure)
Confirm with . or Enter, or press ? or * to list all spells.
Aiming: Magic Dart (safe; 2% risk of failure)
Press: ? - help, Shift-Dir - straight line The magic dart hits something.
Something hits you but does no damage.
You barely miss something.
Your tail-slap misses something.
Something hits you!
A puff of flame appears from out of thin air!
The puff of flame hits you. You resist.
* * * LOW HITPOINT WARNING * * *
You feel better.
A puff of flame appears from out of thin air!
The puff of flame hits you. You resist. Magic courses through your body.
Casting: Magic Dart (safe; 2% risk of failure)
Confirm with . or Enter, or press ? or * to list all spells.
Aiming: Searing Ray (safe; 3% risk of failure)
Press: ? - help, Shift-Dir - straight line The searing ray hits something. (Press . to maintain the ray.)
Something hits you!
* * * LOW HITPOINT WARNING * * *
Something hits you!
You die...

##
##...................#
.#
#.........[.####..####
.####.......รท...# #..#
.({...!.........###..#
#...................#
##.##.........#..##..#
.# #.........##.....###
.# ##.........##.......#
.#.##.........##@......#
.#.##.........##.....).#
.............####.....##
...## ####.).# ....#
##..# ....# #..## ....#
#...# .....# #...##
...... ##...##


There were no monsters in sight!

Vanquished Creatures
  An adder (D:2)
  A worm (D:2)
  A dart slug (D:1)
  A bat (D:1)
  2 endoplasms
  2 goblins
  4 hobgoblins
  2 kobolds (D:1)
  2 quokkas (D:1)
  3 ball pythons
  A frilled lizard (D:1)
  4 rats
24 creatures vanquished.

Notes
Turn   | Place    | Note
-------+----------+-------------------------------------------
     0 | D:1      | Perikles the Draconian Conjurer began the quest for the
                  | Orb.
     0 | D:1      | Reached XP level 1. HP: 14/14 MP: 3/3
   497 | D:1      | Reached XP level 2. HP: 20/20 MP: 3/5
   570 | D:1      | Found Denev's General Store.
   639 | D:1      | Bought a potion of curing for 42 gold pieces
  1254 | D:2      | Learned a level 2 spell: Searing Ray
  1328 | D:2      | Noticed Sigmund
  1603 | D:2      | Reached XP level 3. HP: 26/26 MP: 3/6
  1841 | D:2      | Slain by Sigmund

Illustrated notes

Levels and vault maps discovered:
D:1:      minmay_arrival_checkered_box, layout_basic, serial_shops,
          nicolae_shop_advertising_works [nicolae_subvault_shop_adworks],
          hex_medium
D:2:      layout_rooms, uniq_sigmund

Skill      XL: |  1 |
---------------+----+-----
Stealth        | 2 |  2.1
Short Blades   | |  0.6
Dodging        | |  1.8
Spellcasting   | |  2.2
Conjurations   | |  4.7

Action                   || total
-------------------------++-------
Melee: Unarmed           ||    20
       Dagger            ||     3
       Tailslap          ||     1
       Falchion          ||     4
Throw: Dart              ||     1
 Cast: Magic Dart        ||    46
       Searing Ray       ||     3
  Use: Potion            ||     2
Armor: Skin              ||     7
Dodge: Dodged            ||    26

Table legend: (Time is in decaauts)
 A = Elapsed time spent in this place.
 B = Non-inter-level travel time spent in this place.
 C = Inter-level travel time spent in this place.
 D = Time resting spent in this place.
 E = Time spent auto-exploring this place.
 F = Levels seen in this place.
 G = Mean time per level.
                   A        B        C        D        E       F      G
               +--------+--------+--------+--------+--------+-----+--------+
         Total |   1839 |   1818 |     21 |    420 |    311 |   2 |  919.5 |
       Dungeon |   1839 |   1818 |     21 |    420 |    311 |   2 |  919.5 |
               +--------+--------+--------+--------+--------+-----+--------+

Top non-repeatable levels by time:
     D:1: 1239 daAuts
     D:2: 599 daAuts
